 Dungeon Crawl Stone Soup version 0.28-a0-1565-g95a8017c83 (webtiles) character file.

Game seed: 5374714500370919338

314325 gruber the Cryomancer (level 20, -56/153 (160) HPs)
             Began as a Demonspawn Ice Elementalist on Jan 18, 2022.
             Was the Champion of Vehumet.
             Killed from afar by an ancient lich (67 damage)
             ... with a bolt of acid
             ... on level 4 of the Vaults on Jan 19, 2022.
             The game lasted 01:38:14 (51416 turns).

gruber the Cryomancer (DsIE)                       Turns: 51416, Time: 01:38:15

HP:   -56/153 (160) AC: 14    Str: 10    XL:     20   Next: 48%
MP:   0/49          EV: 16    Int: 26    God:    Vehumet [******]
Gold: 4011          SH:  6    Dex: 15    Spells: 8/51 levels left

rFire   + + +      SeeInvis .   D - +11 war axe of Besoeck {flame, rF+ rC+ Dex+4}
rCold   + + .      Faith    .   p - +0 buckler
rNeg    . . .      Spirit   +   G - +2 robe of the Slug {rF++ Int+2 Dex-3}
rPois   +          Reflect  .   W - +1 helmet
rElec   .          Harm     .   F - scarf {rC+ rF+}
rCorr   .          Rampage  .   N - +0 pair of gloves of Undesirable Species {rPois}
Will    +....                   (boots unavailable)
Stlth   ++........              j - amulet of the acrobat
HPRegen 0.35/turn               V - ring of magical power
MPRegen 0.62/turn               M - +4 ring of protection

@: lightly drained
A: hooves 3, rugged brown scales 3, powered by death 3, magic shield, magic
regeneration, magic link
}: 2/15 runes: decaying, gossamer
a: Renounce Religion


You were on level 4 of the Vaults.
You worshipped Vehumet.
Vehumet was exalted by your worship.
You visited 7 branches of the dungeon, and saw 36 of its levels.
You also visited: Ossuary.

You collected 4687 gold pieces.
You spent 676 gold pieces at shops.

Inventory:

Hand Weapons
 D - the +11 war axe of Besoeck (weapon) {flame, rF+ rC+ Dex+4}
   (You found it on level 4 of the Spider Nest)

   It burns those it strikes, dealing additional fire damage.
   Big, fiery blades are also staple armaments of hydra-hunters.
   Dex:       It affects your dexterity (+4).
   rF:        It protects you from fire.
   rC:        It protects you from cold.
 X - a +5 demon whip of electrocution
Missiles
 C - 2 throwing nets
Armour
 p - a +0 buckler (worn)
 F - a scarf of resistance (worn)
 G - the +2 robe of the Slug (worn) {rF++ Int+2 Dex-3}
   (You found it on level 9 of the Dungeon)

   Int:       It affects your intelligence (+2).
   Dex:       It affects your dexterity (-3).
   rF:        It greatly protects you from fire.
 N - the +0 pair of gloves of Undesirable Species (worn) {rPois}
   (You found it on level 14 of the Dungeon)

   rPois:     It protects you from poison.
 W - a +1 helmet (worn)
Jewellery
 j - an amulet of the acrobat (around neck)
 n - a ring of resist corrosion
 M - a +4 ring of protection (right hand)
 V - a ring of magical power (left hand)
 Y - an amulet of reflection
Wands
 o - a wand of digging (22)
 t - a wand of flame (78)
 w - a wand of iceblast (10)
 y - a wand of acid (3)
 A - a wand of mindburst (30)
 E - a wand of polymorph (19)
 J - a wand of charming (12)
 K - a wand of paralysis (23)
Scrolls
 a - 2 scrolls of summoning
 b - 7 scrolls of immolation {unknown}
 d - 28 scrolls of identify
 f - 6 scrolls of amnesia {unknown}
 g - 17 scrolls of teleportation
 k - 7 scrolls of fear {unknown}
 m - 7 scrolls of vulnerability {unknown}
 q - 6 scrolls of noise {unknown}
 r - a scroll of enchant armour {unknown}
 u - 4 scrolls of enchant weapon {unknown}
 v - 11 scrolls of fog {unknown}
 H - 6 scrolls of blinking {unknown}
 O - a scroll of brand weapon {unknown}
 U - 4 scrolls of magic mapping {unknown}
 Z - a scroll of silence {unknown}
Potions
 c - 6 potions of lignification
 e - 5 potions of cancellation
 h - 14 potions of curing
 i - 7 potions of heal wounds
 l - 3 potions of resistance {unknown}
 s - 2 potions of might {unknown}
 x - 4 potions of ambrosia
 z - 3 potions of haste
 B - 6 potions of attraction
 I - 3 potions of brilliance
 L - 3 potions of flight
 P - 3 potions of berserk rage
 Q - a potion of magic
 R - 4 potions of mutation
 S - 3 potions of degeneration {unknown}
 T - 5 potions of invisibility


   Skills:
 - Level 11.1 Fighting
 - Level 0.4 Long Blades
 - Level 7.1 Axes
 - Level 0.5(4.4) Polearms
 - Level 0.5(0.8) Staves
 - Level 0.3 Slings
 - Level 0.3 Bows
 - Level 0.3 Crossbows
 - Level 5.1 Armour
 - Level 9.0 Dodging
 - Level 1.7 Stealth
 - Level 6.1 Shields
 - Level 16.0 Spellcasting
 - Level 10.1 Conjurations
 - Level 0.6 Hexes
 - Level 1.0 Summonings
 - Level 1.0 Necromancy
 - Level 7.0 Translocations
 - Level 0.3 Transmutations
 - Level 0.4 Fire Magic
 * Level 22.9 Ice Magic
 - Level 0.5 Air Magic
 - Level 7.0 Earth Magic
 - Level 1.0 Poison Magic
 - Level 1.1 Invocations


You had 8 spell levels left.
You knew the following spells:

 Your Spells              Type           Power      Damage    Failure   Level
a - Freeze                Ice            100%       1d11      0%          1
b - Frozen Ramparts       Ice            100%       1d12      0%          3
c - Hailstorm             Conj/Ice       82%        3d17      1%          4
d - Ozocubu's Armour      Ice            96%        N/A       0%          3
e - Stone Arrow           Conj/Erth      100%       3d13      1%          3
f - Ozocubu's Refrigerat  Ice            48%        4d14      1%          7
g - Iron Shot             Conj/Erth      30%        9d6       4%          6
h - Blink                 Tloc           100%       N/A       1%          2
i - Freezing Cloud        Conj/Ice/Air   34%        6-21      1%          5
j - Polar Vortex          Ice            48%        N/A       7%          9

Your spell library contained the following spells:

 Spells                   Type           Power      Damage    Failure   Level
 Lehudib's Crystal Spear  Conj/Erth      30%        10d8      80%         8
 Ignition                 Fire           11%        3d5       100%        8
 Magic Dart               Conj           100%       1d8       1%          1
 Sandblast                Erth           100%       2d20      1%          1
 Ensorcelled Hibernation  Hex/Ice        100%       N/A       1%          2
 Passwall                 Tmut/Erth      33%        N/A       1%          2
 Searing Ray              Conj           100%       2d8       1%          2
 Dazzling Flash           Conj/Hex       96%        N/A       1%          3
 Gell's Gravitas          Tloc           55%        N/A       1%          3
 Mephitic Cloud           Conj/Pois/Air  41%        N/A       1%          3
 Teleport Other           Tloc           55%        N/A       1%          3
 Fulminant Prism          Conj/Hex       24%        3d13      1%          4
 Ice Form                 Ice/Tmut       69%        N/A       1%          4
 Iskenderun's Mystic Bla  Conj/Tloc      60%        2d13      1%          4
 Passage of Golubria      Tloc           55%        N/A       1%          4
 Summon Ice Beast         Ice/Summ       70%        N/A       1%          4
 Lee's Rapid Deconstruct  Erth           27%        3d16*     1%          5
 Beastly Appendage        Tmut           44%        N/A       2%          1
 Inner Flame              Hex/Fire       23%        N/A       2%          3
 Call Imp                 Summ           26%        N/A       3%          2
 Sublimation of Blood     Necr           26%        N/A       3%          2
 Simulacrum               Ice/Necr       35%        N/A       3%          6
 Wereblood                Tmut           22%        N/A       4%          2
 Manifold Assault         Tloc           55%        N/A       4%          5
 Spider Form              Tmut/Pois      24%        N/A       7%          3
 Leda's Liquefaction      Hex/Erth       20%        N/A       7%          4
 Confusing Touch          Hex            23%        N/A       8%          3
 Tukima's Dance           Hex            23%        N/A       8%          3
 Starburst                Conj/Fire      24%        6d8       16%         6
 Yara's Violent Unravell  Hex/Tmut       11%        3d6       19%         5
 Anguish                  Hex/Necr       12%        N/A       22%         4
 Cause Fear               Hex            11%        N/A       24%         4
 Dispersal                Tloc           27%        N/A       26%         6
 Alistair's Intoxication  Tmut/Pois      16%        N/A       54%         5
 Summon Mana Viper        Hex/Summ       25%        N/A       54%         5
 Blade Hands              Tmut           11%        N/A       58%         5
 Statue Form              Tmut/Erth      26%        N/A       71%         6
 Enfeeble                 Hex            11%        N/A       100%        7
 Monstrous Menagerie      Summ           13%        N/A       100%        7
 Storm Form               Tmut/Air       11%        N/A       100%        7
 Summon Hydra             Summ           13%        N/A       100%        7
 Discord                  Hex            11%        N/A       100%        8


Dungeon Overview and Level Annotations

Branches:
Dungeon (15/15)            Temple (1/1) D:4            Lair (6/6) D:11
  Swamp (4/4) Lair:4       Spider (4/4) Lair:4        Slime (0/5) Lair:5
    Orc (2/2) D:10            Elf (0/3) Orc:2        Vaults (4/5) D:14
  Crypt (0/3) Vaults:2     Depths (0/4) D:15        Ossuary (visited)

Altars:
Ashenzari
Cheibriados
Dithmenos
Elyvilon
Fedhas
Gozag
Hepliaklqana
Kikubaaqudgha
Makhleb
Nemelex Xobeh
Okawaru
Qazlal
Ru
Sif Muna
Trog
Uskayaw
Vehumet
Wu Jian
Xom
Yredelemnul
Zin
The Shining One
Jiyva

Shops:
D:5 [   D:11 [   Orc:2 :(?=(**   Vaults:3 (

Portals:
Abyss: Vaults:3
Trove: D:15 (give +4 fire dragon scales)

Annotations:
Lair:3 2 transporters
Lair:4 exclusion: oklob plant
Spider:4 2 transporters, PaleRider's ghost, journeyman MiBe
Vaults:3 2 transporters, Meveiv's ghost, veteran DEEE


Innate Abilities, Weirdness & Mutations

You have hooves in place of feet.
You are completely covered in rugged brown scales. (AC +3, +7% HP)
You regenerate a lot of health from kills.
When hurt, damage is shared between your health and your magic reserves.
You regenerate magic rapidly.
When low on magic, you restore magic in place of health.


Message History

Press: ? - help, Shift-Dir - straight line The bolt of acid hits something!
Something touches you.
* * * LOW HITPOINT WARNING * * *
You feel drained.
* * * LOW HITPOINT WARNING * * *
Unknown command.
Unknown command.
Aiming: Corrosive Bolt
Press: ? - help, Shift-Dir - straight line Something touches you but does no damage.
You hear some strange, mumbled words.
Something tries to affect you, but you resist.
Unknown command.
Unknown command.
Unknown command.
Aiming: Corrosive Bolt
Press: ? - help, Shift-Dir - straight line The bolt of acid hits something.
The acid corrodes something!
Something touches you but does no damage.
Unknown command.
Unknown command.
Aiming: Corrosive Bolt
Press: ? - help, Shift-Dir - straight line The bolt of acid hits something!
Something seems to be corroded for longer.
Something touches you.
* * * LOW HITPOINT WARNING * * *
You feel drained.
* * * LOW HITPOINT WARNING * * *
Something touches you!
* * * LOW HITPOINT WARNING * * *
You feel drained.
* * * LOW HITPOINT WARNING * * *
Unknown command.
Aiming: Corrosive Bolt
Press: ? - help, Shift-Dir - straight line You hear some strange, mumbled words.
A bolt of acid appears from out of thin air!
The bolt of acid hits you!!!
You die...

......# ##..###..)###..###......#
......# #..##.......##..##......+
#####'###.####.....####.#######'#
....'..#..#.###...## #..#......'
....'..#.##..###### ##.#......#
.####..'.)....#}$)# +.'..##..# .#
#..#.'....#$.|# +.#..##..# .#
#..'.'....#${$# +.#......#
'####''#.##..###@## #.#......#
.'.....#..#.###...## ..########
.'.....##.####.....## .##
#########..##...)...# ..
##..###...### .# ##...#'''#...
###.......# ###++####


There were no monsters in sight!

Vanquished Creatures
  Mara (Spider:4)
  Frederick (Vaults:2)
  Boris (Vaults:3)
  Nikola (Spider:2)
  Arachne (Spider:3)
  Jorgrun (D:12)
  Asterion (Spider:3)
  Frances (Swamp:2)
  A sphinx (Vaults:3)
  Kirke (D:12)
  2 thorn hunters (Swamp:4)
  Roxanne (Spider:2)
  A storm dragon (Vaults:1)
  8 vault wardens
  5 emperor scorpions
  A deep elf sorcerer (Vaults:4)
  An orc warlord (Vaults:2)
  5 ghost moths
  10 ironbound preservers
  9 very ugly things
  A war gargoyle (Vaults:3)
  A stone giant (D:15)
  2 broodmothers
  A vampire knight (Vaults:2)
  9 ironbound thunderhulks
  6 entropy weavers
  3 eleionomae
  5 spark wasps
  11 dire elephants
  2 bunyips
  An eidolon (Vaults:2)
  Snorg (D:12)
  3 crystal guardians
  An ettin (Vaults:3)
  2 shambling mangroves (Swamp:1)
  14 yaktaur captains
  2 great orbs of eyes (Vaults:4)
  7 vault guards
  6 boulder beetles
  2 radroaches
  2 peacekeepers
  2 ghost crabs (Swamp:3)
  36 hydras
  An anaconda (Swamp:2)
  4 ironbound frosthearts
  22 centaur warriors
  A jorogumo (Spider:1)
  4 catoblepae
  A death knight (D:15)
  5 two-headed ogres
  A two-headed ogre (shapeshifter) (D:14)
  5 tengu warriors
  A deep troll shaman (Lair:6)
  13 alligators
  17 death yaks
  2 vampire magi (Vaults:2)
  2 spriggan berserkers
  3 orc high priests (Orc:2)
  20 spriggans
  5 pharaoh ants
  A fire crab (shapeshifter) (D:13)
  27 deep trolls
  4 steelbarb worms
  7 skeletal warriors (D:14)
  15 swamp dragons
  4 goliath frogs
  12 orb spiders
  An orb spider (shapeshifter) (D:13)
  A sun moth (Spider:3)
  A glowing orange brain (Vaults:1)
  4 bog bodies
  8 spriggan druids
  2 wizards
  15 ironbound convokers
  9 orc knights
  3 harpies (Vaults:1)
  2 necromancers
  A tengu zombie (Vaults:2)
  2 deep elf pyromancers
  3 lindwurms
  2 will-o-the-wisps
  25 wolf spiders
  An oklob plant (Lair:6)
  A harpy (shapeshifter) (D:13)
  28 ugly things
  5 orc sorcerers
  3 cyclopes
  3 moths of wrath
  Maurice (Orc:1)
  6 manticores
  6 elephants
  11 black mambas
  10 vault sentinels
  3 centaur zombies
  16 cane toads
  3 gargoyles
  An unseen horror (D:12)
  6 torpor snails
  An unseen horror (shapeshifter) (D:14)
  20 yaktaurs
  2 tengu conjurers
  3 demonic crawlers (Spider:3)
  2 efreet (D:14)
  2 rime drakes
  7 komodo dragons
  3 freezing wraiths
  5 polar bears
  21 meliai
  6 bloated husks
  A meliai (shapeshifter) (D:14)
  A hornet (shapeshifter) (D:14)
  8 tyrant leeches
  13 blink frogs (Lair:6)
  15 tarantellas
  6 trolls
  22 hornets
  A dream sheep (shapeshifter) (D:13)
  5 dream sheep (Lair:6)
  32 slime creatures
  A deep troll zombie (Vaults:1)
  2 ettin skeletons (Vaults:1)
  3 wraiths
  14 culicivoras
  24 jumping spiders
  2 centaur simulacra
  A vampire (D:10)
  Sigmund (D:6)
  8 basilisks
  4 wyverns
  A yak (shapeshifter) (D:14)
  48 yaks
  5 hogs (D:12)
  40 redbacks
  6 vampire mosquitoes (D:14)
  2 yaktaur simulacra
  Edmund (D:6)
  12 swamp worms
  A warg (Orc:2)
  12 water moccasins
  12 swamp drakes
  22 orc warriors
  2 ice beasts
  A black bear (shapeshifter) (D:13)
  2 sky beasts
  A hornet zombie (D:7)
  6 necrophages (Lair:3)
  6 ogres
  2 black bears
  17 centaurs
  4 boggarts (Vaults:2)
  A phantom (D:4)
  26 wolves
  A human skeleton (Vaults:2)
  A kobold brigand (D:5)
  11 bullfrogs
  3 wyvern zombies
  3 scorpions
  A hornet simulacrum (D:14)
  A jelly (Lair:5)
  9 killer bees
  9 wights
  6 howler monkeys
  2 electric eels
  A bullfrog zombie (D:5)
  5 hounds
  18 orc priests
  A bullfrog skeleton (D:6)
  A centaur skeleton (D:4)
  25 orc wizards
  8 hell rats (Lair:6)
  3 iguanas
  A killer bee zombie (D:8)
  11 gnolls
  A howler monkey skeleton (D:5)
  11 adders
  An ufetubus (D:7)
  An adder skeleton (D:5)
  A worm (D:3)
  3 dart slugs
  84 orcs
  9 bats
  4 endoplasms
  A giant cockroach (D:1)
  9 hobgoblins
  9 jackals
  26 kobolds
  6 quokkas
  3 training dummies (Orc:2)
  5 ball pythons
  4 frilled lizards
  8 goblins
  A kobold zombie (Ossuary)
  An orc zombie (Ossuary)
  4 rats
  8 briar patches (Swamp:4)
  A bush (Lair:6)
  A butterfly (Lair:4)
1322 creatures vanquished.

Vanquished Creatures (others)
  An eleionoma (Swamp:2)
  A hydra (Swamp:2)
  An alligator (Swamp:2)
  A swamp dragon (Swamp:1)
  2 foxfires (Swamp:4)
  40 fungi
  93 plants
139 creatures vanquished.

Grand Total: 1461 creatures vanquished

Notes
Turn   | Place    | Note
-------+----------+-------------------------------------------
     0 | D:1      | gruber the Demonspawn Ice Elementalist began the quest for
                  | the Orb.
     0 | D:1      | Reached XP level 1. HP: 13/13 MP: 3/3
   286 | D:1      | Found Abliofab's Book Shop.
   322 | D:1      | Reached skill level 4 in Ice Magic
   322 | D:1      | Gained mutation: You are partially covered in rugged brown
                  | scales. (AC +1, +3% HP) [demonic ancestry]
   322 | D:1      | Reached XP level 2. HP: 9/19 MP: 0/5
  1351 | D:1      | Gained mutation: You regenerate magic rapidly. [demonic
                  | ancestry]
  1351 | D:1      | Reached XP level 3. HP: 24/24 MP: 4/6
  1732 | D:1      | Learned a level 3 spell: Frozen Ramparts
  3005 | D:3      | Gained mutation: You are mostly covered in rugged brown
                  | scales. (AC +2, +5% HP) [demonic ancestry]
  3005 | D:3      | Reached XP level 4. HP: 24/31 MP: 3/8
  3824 | D:4      | Learned a level 4 spell: Hailstorm
  3851 | D:4      | Noticed a scorpion
  3858 | D:4      | Killed a scorpion
  3859 | D:4      | Reached skill level 5 in Ice Magic
  3859 | D:4      | Gained mutation: When hurt, damage is shared between your
                  | health and your magic reserves. [demonic ancestry]
  3859 | D:4      | Reached XP level 5. HP: 35/36 MP: 2/10
  3896 | D:4      | Found a sand-covered staircase.
  3906 | Ossuary  | Entered an ossuary
  4221 | D:4      | Reached skill level 1 in Conjurations
  4458 | D:4      | Gained mutation: When low on magic, you restore magic in
                  | place of health. [demonic ancestry]
  4458 | D:4      | Reached XP level 6. HP: 36/43 MP: 5/11
  5178 | D:4      | Reached skill level 5 in Conjurations
  5178 | D:4      | Gained mutation: You regenerate a little health from kills.
                  | [demonic ancestry]
  5178 | D:4      | Reached XP level 7. HP: 27/48 MP: 7/12
  5430 | D:4      | Found a staircase to the Ecumenical Temple.
  5607 | Temple   | Entered the Ecumenical Temple
  5808 | D:5      | Entered Level 5 of the Dungeon
  6036 | D:5      | Reached skill level 5 in Spellcasting
  6271 | D:5      | Reached XP level 8. HP: 49/54 MP: 16/16
  6278 | D:5      | Found Alinyth's Armour Boutique.
  7659 | D:6      | Noticed Sigmund
  7667 | D:6      | Killed Sigmund
  7739 | D:6      | Noticed Edmund
  7743 | D:6      | Killed Edmund
  7744 | D:6      | Gained mutation: You have large cloven feet. [demonic
                  | ancestry]
  7744 | D:6      | Reached XP level 9. HP: 59/59 MP: 15/21
  7993 | D:6      | You fall into a shaft and drop 3 floors!
  8106 | D:7      | Learned a level 3 spell: Ozocubu's Armour
  8629 | D:7      | Found a burning altar of Makhleb.
  8639 | D:7      | Reached skill level 6 in Ice Magic
  8971 | D:7      | Found a blossoming altar of Fedhas.
  9317 | D:7      | Reached skill level 7 in Ice Magic
  9566 | D:7      | Found an iron altar of Okawaru.
  9571 | D:7      | Found a snail-covered altar of Cheibriados.
  9572 | D:7      | Found a shimmering blue altar of Sif Muna.
  9575 | D:7      | Found a sparkling altar of Nemelex Xobeh.
  9577 | D:7      | Found a shadowy altar of Dithmenos.
  9581 | D:7      | Found a radiant altar of Vehumet.
  9584 | D:7      | Found a shimmering altar of Xom.
  9585 | D:7      | Found an ornate altar of the Wu Jian Council.
  9587 | D:7      | Became a worshipper of Vehumet
  9687 | D:8      | Noticed a two-headed ogre
  9695 | D:8      | Killed a two-headed ogre
  9696 | D:8      | Reached skill level 8 in Ice Magic
 10099 | D:8      | Identified the +3 mace "Jusuduimel" {drain, Int+4}
 10148 | D:8      | Reached XP level 10. HP: 65/66 MP: 21/23
 10175 | D:8      | Reached skill level 9 in Ice Magic
 10506 | D:9      | Found a broken altar of Ashenzari.
 10812 | D:9      | Reached skill level 10 in Ice Magic
 11066 | D:9      | Identified the +2 robe of the Slug {rF++ Int+2 Dex-3}
 11126 | D:9      | Reached skill level 1 in Armour
 11132 | D:9      | Identified the +0 leather armour of the Beekeeper {rPois
                  | rF- rN+}
 11531 | D:9      | Noticed a two-headed ogre
 11537 | D:9      | Killed a two-headed ogre
 11537 | D:9      | Noticed a two-headed ogre
 11751 | D:9      | Killed a two-headed ogre
 11752 | D:9      | Reached skill level 1 in Summonings
 11752 | D:9      | Reached skill level 1 in Necromancy
 11752 | D:9      | Reached skill level 1 in Poison Magic
 11752 | D:9      | Reached skill level 1 in Invocations
 11848 | D:9      | Reached skill level 5 in Armour
 12217 | D:10     | Entered Level 10 of the Dungeon
 12411 | D:10     | Gained mutation: You have hoof-like feet. [demonic
                  | ancestry]
 12411 | D:10     | Reached XP level 11. HP: 71/71 MP: 18/24
 12936 | D:10     | Reached * piety under Vehumet
 12936 | D:10     | Offered knowledge of Foxfire by Vehumet.
 13259 | D:10     | Found a staircase to the Orcish Mines.
 13409 | D:10     | Reached skill level 5 in Dodging
 13622 | D:10     | Reached skill level 1 in Fighting
 13808 | D:11     | Found Kautritz's Armour Shop.
 13855 | D:11     | Noticed a two-headed ogre
 13859 | D:11     | Killed a two-headed ogre
 13964 | D:11     | Found a staircase to the Lair.
 14376 | D:12     | Reached skill level 5 in Fighting
 14467 | D:12     | Noticed a catoblepas
 14477 | D:12     | Killed a catoblepas
 14868 | D:12     | Noticed a catoblepas
 14910 | Lair:1   | Entered Level 1 of the Lair of Beasts
 14986 | Lair:1   | Reached ** piety under Vehumet
 14986 | Lair:1   | Offered knowledge of Sandblast by Vehumet.
 16273 | Lair:2   | Gained mutation: You have hooves in place of feet. [demonic
                  | ancestry]
 16273 | Lair:2   | Reached XP level 12. HP: 88/92 MP: 23/25
 16371 | Lair:2   | Noticed a six-headed hydra
 16371 | Lair:2   | Noticed a death yak
 16392 | Lair:2   | Killed a death yak
 16395 | Lair:2   | Killed a six-headed hydra
 16396 | Lair:2   | Reached skill level 10 in Conjurations
 16406 | Lair:2   | Noticed a death yak
 16406 | Lair:2   | Noticed a death yak
 16417 | Lair:2   | Killed a death yak
 16418 | Lair:2   | Noticed a death yak
 16421 | Lair:2   | Killed a death yak
 16429 | Lair:2   | Killed a death yak
 16805 | Lair:2   | Noticed a five-headed hydra
 16827 | Lair:2   | Killed a five-headed hydra
 16828 | Lair:2   | Reached skill level 11 in Ice Magic
 17617 | Lair:3   | Offered knowledge of Scorch by Vehumet.
 17829 | Lair:3   | Noticed a seven-headed hydra
 17841 | Lair:3   | Killed a seven-headed hydra
 17842 | Lair:3   | Reached skill level 12 in Ice Magic
 18240 | Lair:3   | Found a transporter.
 18241 | Lair:3   | Found a transporter.
 18242 | Lair:3   | Noticed a boulder beetle
 18242 | Lair:3   | Noticed a boulder beetle
 18325 | Lair:3   | Reached *** piety under Vehumet
 18618 | Lair:3   | Noticed an eight-headed hydra
 18629 | Lair:3   | Killed an eight-headed hydra
 18958 | Lair:3   | Noticed a six-headed hydra
 18970 | Lair:3   | Killed a six-headed hydra
 18971 | Lair:3   | Reached skill level 13 in Ice Magic
 18972 | Lair:3   | Reached XP level 13. HP: 75/97 MP: 15/26
 19164 | Lair:4   | Offered knowledge of Stone Arrow by Vehumet.
 19179 | Lair:4   | Learned a level 3 spell: Stone Arrow
 19310 | Lair:4   | Found a hole to the Spider Nest.
 19752 | Lair:4   | Found a staircase to the Swamp.
 20079 | Lair:4   | Reached skill level 14 in Ice Magic
 20673 | Lair:5   | Reached skill level 1 in Earth Magic
 21379 | Lair:5   | Reached **** piety under Vehumet
 21587 | Lair:5   | Reached skill level 5 in Earth Magic
 21789 | Lair:5   | Offered knowledge of Flame Wave by Vehumet.
 21943 | Lair:5   | Found a staircase to the Slime Pits.
 22299 | Lair:6   | Entered Level 6 of the Lair of Beasts
 22673 | Lair:6   | Reached ***** piety under Vehumet
 22676 | Lair:6   | Offered knowledge of Ozocubu's Refrigeration by Vehumet.
 22685 | Lair:6   | Learned a level 7 spell: Ozocubu's Refrigeration
 22689 | Lair:6   | Reached skill level 10 in Spellcasting
 22723 | Lair:6   | Gained mutation: You regenerate health from kills. [demonic
                  | ancestry]
 22723 | Lair:6   | Reached XP level 14. HP: 105/105 MP: 21/28
 22858 | Lair:6   | Found a hide-covered altar of Uskayaw.
 22858 | Lair:6   | Found an ornate altar of the Wu Jian Council.
 24124 | Orc:1    | Entered Level 1 of the Orcish Mines
 24437 | Orc:2    | Entered Level 2 of the Orcish Mines
 24440 | Orc:2    | Found Vefeexoth's Specific Store.
 24445 | Orc:2    | Found Onkoivve's General Store.
 24529 | Orc:2    | Found Fooran's Firing Range.
 24533 | Orc:2    | Offered knowledge of Iron Shot by Vehumet.
 24541 | Orc:2    | Learned a level 6 spell: Iron Shot
 24624 | Orc:2    | Found a staircase to the Elven Halls.
 24862 | Orc:2    | Reached skill level 15 in Ice Magic
 24881 | Orc:2    | Found Fiwuim's Book Shop.
 24881 | Orc:2    | Found Qetoz's Jewellery Shoppe.
 24887 | Orc:2    | Found Malluiw's Magic Scroll Shoppe.
 24887 | Orc:2    | Found Gielesid's Weapon Shop.
 24912 | Orc:2    | Bought a scroll of acquirement for 676 gold pieces
 24914 | Orc:2    | Acquired 1116 gold pieces
 25103 | Orc:1    | Noticed Maurice
 25158 | Orc:1    | Killed Maurice
 25430 | D:12     | Noticed Jorgrun
 25433 | D:12     | Reached skill level 1 in Shields
 25436 | D:12     | Killed Jorgrun
 25437 | D:12     | Gained mutation: You are completely covered in rugged brown
                  | scales. (AC +3, +7% HP) [demonic ancestry]
 25437 | D:12     | Reached XP level 15. HP: 97/112 MP: 21/32
 25488 | D:12     | Noticed Kirke
 25492 | D:12     | Killed Kirke
 25584 | D:12     | Noticed Snorg
 25589 | D:12     | Killed Snorg
 25996 | D:12     | Reached skill level 5 in Shields
 27745 | D:13     | Learned a level 2 spell: Blink
 28087 | D:14     | Found a stormy altar of Qazlal.
 28225 | D:14     | Offered knowledge of Freezing Cloud by Vehumet.
 28258 | D:14     | Learned a level 5 spell: Freezing Cloud
 28428 | D:14     | Found a gate to the Vaults.
 29405 | D:14     | Reached skill level 16 in Ice Magic
 30273 | D:14     | Identified the +0 pair of gloves of Undesirable Species
                  | {rPois}
 30465 | D:14     | Identified the +0 scale mail of the Other World {rPois rC+
                  | rN+}
 30678 | D:15     | Entered Level 15 of the Dungeon
 30939 | D:15     | Gained mutation: You regenerate a lot of health from kills.
                  | [demonic ancestry]
 30939 | D:15     | Reached XP level 16. HP: 128/128 MP: 33/33
 31134 | D:15     | Reached skill level 17 in Ice Magic
 31136 | D:15     | Offered knowledge of Irradiate by Vehumet.
 31516 | D:15     | Found a portal to a secret trove of treasure.
 32304 | D:15     | Found a staircase to the Depths.
 32801 | Swamp:1  | Entered Level 1 of the Swamp
 33029 | Swamp:1  | Reached skill level 18 in Ice Magic
 33613 | Swamp:2  | Noticed Frances
 33618 | Swamp:2  | Killed Frances
 34239 | Swamp:2  | Reached skill level 19 in Ice Magic
 35505 | Swamp:3  | Reached XP level 17. HP: 133/133 MP: 34/34
 35569 | Swamp:3  | Offered knowledge of Eringya's Noxious Bog by Vehumet.
 36226 | Swamp:4  | Entered Level 4 of the Swamp
 37009 | Swamp:4  | Got a decaying rune of Zot
 37026 | Swamp:4  | Found the +3 giant club "Skullcrusher" {speed, Str+7}
 37391 | Spider:1 | Entered Level 1 of the Spider Nest
 37434 | Spider:1 | Reached skill level 1 in Translocations
 38132 | Spider:1 | HP: 6/133 [entropy weaver (4)]
 38540 | Spider:1 | Offered knowledge of Fireball by Vehumet.
 38734 | Spider:1 | Reached skill level 5 in Translocations
 39009 | Spider:1 | HP: 5/133 [poisoned by an emperor scorpion]
 39013 | Spider:1 | HP: 2/133 [poisoned by an emperor scorpion]
 39641 | Spider:2 | Identified Roxanne's Papyrus of Transmigration
 39641 | Spider:2 | Noticed Roxanne
 39650 | Spider:2 | Killed Roxanne
 39666 | Spider:2 | Noticed Nikola
 39672 | Spider:2 | Killed Nikola
 40236 | Spider:2 | Reached XP level 18. HP: 141/141 MP: 19/36
 41004 | Spider:3 | Reached skill level 10 in Fighting
 41042 | Spider:3 | Noticed Arachne
 41048 | Spider:3 | Reached ****** piety under Vehumet
 41051 | Spider:3 | Killed Arachne
 41677 | Spider:3 | Offered knowledge of Conjure Ball Lightning by Vehumet.
 42034 | Spider:3 | Noticed Asterion
 42046 | Spider:3 | Killed Asterion
 42318 | Spider:4 | Entered Level 4 of the Spider Nest
 42370 | Spider:4 | Noticed Mara
 42375 | Spider:4 | Killed Mara
 42479 | Spider:4 | Found a transporter.
 42522 | Spider:4 | Identified the +11 war axe of Besoeck {flame, rF+ rC+
                  | Dex+4}
 42542 | Spider:4 | Reached skill level 20 in Ice Magic
 42583 | Spider:4 | Reached skill level 1 in Axes
 42652 | Spider:4 | Noticed PaleRider's ghost (journeyman MiBe)
 42655 | Spider:4 | Found a transporter.
 43227 | Spider:4 | Upgraded the game from 0.28-a0-1555-g9ae15a6949 to
                  | 0.28-a0-1565-g95a8017c83
 43244 | Spider:4 | Reached skill level 5 in Axes
 43560 | Spider:4 | Got a gossamer rune of Zot
 44340 | Vaults:1 | Entered Level 1 of the Vaults
 44390 | Vaults:1 | Offered knowledge of Lehudib's Crystal Spear by Vehumet.
 44390 | Vaults:1 | Offered knowledge of Polar Vortex by Vehumet.
 44390 | Vaults:1 | Offered knowledge of Ignition by Vehumet.
 44415 | Vaults:1 | Learned a level 9 spell: Polar Vortex
 44515 | Vaults:1 | Reached XP level 19. HP: 153/153 MP: 33/37
 44915 | Vaults:1 | Reached skill level 15 in Spellcasting
 46701 | Vaults:2 | Noticed Frederick
 46707 | Vaults:2 | Killed Frederick
 47866 | Vaults:2 | Reached skill level 21 in Ice Magic
 48341 | Vaults:2 | Found a staircase to the Crypt.
 48349 | Vaults:2 | Paralysed by something for 7 turns
 48355 | Vaults:2 | HP: 7/151 [something (3)]
 49191 | Vaults:3 | Found a transporter.
 49194 | Vaults:3 | Found a one-way gate to the infinite horrors of the Abyss.
 49194 | Vaults:3 | Noticed Meveiv's ghost (veteran DEEE)
 49201 | Vaults:3 | Found a transporter.
 49335 | Vaults:3 | Reached XP level 20. HP: 148/160 MP: 26/40
 49343 | Vaults:3 | Noticed Boris
 49498 | Vaults:3 | Killed Boris
 49759 | Vaults:3 | Reached skill level 22 in Ice Magic
 50391 | Vaults:3 | Paralysed by a sphinx for 2 turns
 50442 | Vaults:3 | Found Ruustrip's Weapon Shop.
 51407 | Vaults:4 | Noticed an ancient lich
 51416 | Vaults:4 | Killed from afar by an ancient lich

Illustrated notes

Levels and vault maps discovered:
D:1:      saegor_arrival_simple_e, layout_loops_corners, serial_shops,
          nicolae_shop_stone, hex_large, hangedman_abyss_or_decor_stabs,
          minmay_close_crescents
D:2:      layout_basic
D:3:      layout_loops_ring, feat_on_display
D:4:      layout_rooms, tso_oasis_becter, minmay_temple_entry_nine_rooms,
          nicolae_ossuary_entry_ruins
D:5:      kennysheep_kobold_camp, layout_rooms, zin_statuary, serial_shops, shop
D:6:      layout_gridville, sigmund_edmund_badplayer
D:7:      layout_gridville, nicolae_overflow_hallway_of_the_gods,
          minmay_crossroads
D:8:      layout_basic, hangedman_abyss_or_decor_clamps
D:9:      minmay_the_grid_square_5x5_3x3 [minmay_the_grid_square_5x5_six_small,
          minmay_the_grid_square_5x5_three_small,
          minmay_the_grid_square_5x5_percent,
          minmay_the_grid_square_5x5_checkered,
          minmay_the_grid_square_5x5_megaprize_hollow,
          minmay_the_grid_square_5x5_eight_small,
          minmay_the_grid_square_5x5_two_walls_a,
          minmay_the_grid_square_5x5_fat_x, minmay_the_grid_square_5x5_n_small],
          layout_rooms, mainiacjoe_overflow_alcove_1, nicolae_lava_and_water
D:10:     layout_loops_ring, erik_orc_2
D:11:     layout_roguey, lair_entry_dummy, serial_shops, nicolae_shop_waterfront
D:12:     nzn_motion_control, layout_basic, uniq_snorg, uniq_jorgrun, uniq_kirke
D:13:     minmay_bad_star, layout_stronghold
D:14:     minmay_imperfect_grid, layout_irregular_city, david_vaults_4,
          hex_tiny, grunt_qazlal_clouds
D:15:     grunt_enter_depths_snipers, layout_layer_cave,
          nicolae_trove_entry_isolated, skrybe_limestone_x
Temple:   pf_slimified_temple
Lair:1:   layout_layer_cave, serial_bayou_shore_a
Lair:2:   layout_regular_city, grunt_forest_large_clearings
Lair:3:   gammafunk_boulding_lane, layout_cave_pods, roderic_carrion_pond,
          grunt_megastairs_3
Lair:4:   layout_layer_cave, swamp_mist_pool, spider_nest_entry_rubble,
          minmay_lair_oklob_bushes, hangedman_lair_generics_rect,
          infiniplex_staircase_pool_2, lemuel_fruit_fields, lemuel_fruit_tree
Lair:5:   layout_regular_city, minmay_slime_entry_pillars,
          chequers_serial_rivers_room_b, nicolae_lair_lil_pond,
          grunt_megastairs_5
Lair:6:   grunt_lair_end_beastmaster, layout_cave_pods, serial_rivers,
          chequers_serial_rivers_small_b, chequers_serial_rivers_micro_c,
          chequers_serial_rivers_small_3, chequers_serial_rivers_small_a,
          chequers_serial_rivers_small_a, nzn_masters_of_martial_movement
Swamp:1:  layout_basic_swamp, nicolae_swamp_ascending_descending, swamp_pool5,
          nicolae_swamp_some_circles
Swamp:2:  nicolae_swamp_husk_halls, layout_basic_swamp,
          nicolae_swamp_little_tower, nicolae_swamp_snake_nest,
          infiniplex_staircase_pool, uniq_frances
Swamp:3:  layout_basic_swamp, evilmike_swamp_ruin_house_2
Swamp:4:  swamp_basic_johnstein, layout_basic_swamp
Spider:1: layout_spider_delve, hangedman_spider_tarantella_strand
Spider:2: layout_chambers, drop_trap, uniq_roxanne, uniq_nikola
Spider:3: layout_spider_delve, uniq_asterion, uniq_arachne
Spider:4: spider_rune_water, gammafunk_ghost_mausoleum,
          nicolae_spider_webs_and_nodes, nicolae_spider_paper_wasps, uniq_mara
Orc:1:    layout_diamond_mine, uniq_maurice
Orc:2:    grunt_orc_tribal_feast, layout_caves, nicolae_specific_store,
          nicolae_shop_firing_range
Vaults:1: v_misc_25, v_alt_pattern_6, hangedman_vaults_stitches,
          v_alt_pattern_5, v_misc_33, ontoclasm_vaults_gateway,
          nicolae_vaults_fighting_squares, grunt_vaults_funnel,
          vaults_dpeg_encased_lava, v_misc_30, vaults_dpeg_hooks,
          layout_vaults_ring
Vaults:2: minmay_crypt_entry_simple_round, ontoclasm_vaults_misaligned,
          v_alt_pattern_6, v_misc_15, ontoclasm_vaults_pinch,
          nicolae_vaults_display_case, v_misc_19,
          nicolae_vaults_little_squares_3, v_misc_15, nicolae_vaults_what_the_h,
          nicolae_vaults_little_ls, layout_vaults_quadrants, uniq_frederick
Vaults:3: gammafunk_ghost_abyssal_escape, vaults_dpeg_ring, vaults_dpeg_doors,
          nicolae_vaults_specimen_jars, hangedman_vaults_corner, v_misc_29,
          v_rooms_5, st_lattice, nicolae_vaults_rhombus_6,
          nicolae_vaults_mini_display_case, vaults_dpeg_diagonal,
          layout_vaults_omnicross, serial_shops, nicolae_shop_behind_doors,
          uniq_boris
Vaults:4: gammafunk_ghost_arena, nicolae_vaults_border_crossing,
          vaults_mumra_minichess_inversion, nicolae_vaults_quadrants,
          vaults_room_door_ring, v_alt_pattern_3, v_pattern_4,
          ontoclasm_vaults_spin, v_misc_3, v_alt_pattern_6, serial_ice_m,
          nicolae_vaults_rhombus_7, nicolae_vaults_shelves_hall,
          vaults_room_semicircle, nicolae_vaults_little_squares_1,
          layout_vaults_omnibox

Skill      XL: |  1  2  3  4  5  6  7  8  9 10 11 12 13 14 15 16 17 18 19 20 |
---------------+-------------------------------------------------------------+-----
Ice Magic      | 4 5 8 10 13 14 15 16 19 20 21 22 | 22.9
Spellcasting   | 3 5 8 9 10 13 14 16 | 16.0
Conjurations   | 2 5 6 8 10 | 10.1
Armour         | 5 |  5.1
Summonings     | 1 |  1.0
Necromancy     | 1 |  1.0
Poison Magic   | 1 |  1.0
Invocations    | 1 |  1.1
Dodging        | 2 5 9 |  9.0
Fighting       | 6 9 11 | 11.1
Earth Magic    | 7 |  7.0
Shields        | 2 6 |  6.1
Translocations | 7 |  7.0
Axes           | 7 |  7.1
Long Blades    | |  0.4
Polearms       | |  0.5
Staves         | |  0.5
Slings         | |  0.3
Bows           | |  0.3
Crossbows      | |  0.3
Stealth        | |  1.7
Hexes          | |  0.6
Transmutations | |  0.3
Fire Magic     | |  0.4
Air Magic      | |  0.5

Action                   |  1- 3 |  4- 6 |  7- 9 | 10-12 | 13-15 | 16-18 | 19-21 || total
-------------------------+-------+-------+-------+-------+-------+-------+-------++-------
Melee: Unarmed           |    53 |    51 |       |       |       |       |       ||   104
       Punch             |     2 |     3 |     1 |     3 |       |       |       ||     9
       Short sword       |       |    18 |       |       |       |       |       ||    18
       War axe           |       |       |   143 |       |       |    23 |   111 ||   277
       Kick              |       |       |    25 |    92 |    54 |    34 |    59 ||   264
       Mace              |       |       |       |   251 |   138 |    62 |       ||   451
 Cast: Freeze            |    60 |    64 |    18 |    22 |       |       |       ||   164
       Frozen Ramparts   |       |     8 |    32 |    67 |    51 |    27 |    10 ||   195
       Hailstorm         |       |     2 |    23 |    86 |    18 |     4 |     4 ||   137
       Ozocubu's Armour  |       |       |     2 |    30 |    15 |     7 |     5 ||    59
       Stone Arrow       |       |       |       |       |   196 |   111 |    77 ||   384
       Ozocubu's Refrige |       |       |       |       |   195 |   458 |   181 ||   834
       Iron Shot         |       |       |       |       |     7 |    25 |    53 ||    85
       Freezing Cloud    |       |       |       |       |     2 |     3 |     2 ||     7
       Polar Vortex      |       |       |       |       |       |       |     2 ||     2
Evoke: Wand              |       |       |       |     8 |       |    13 |     5 ||    26
  Use: Potion            |       |       |       |     1 |       |     2 |     3 ||     6
       Scroll            |       |       |       |       |    12 |       |     1 ||    13
 Stab: Sleeping          |     2 |     1 |     3 |     2 |       |       |       ||     8
       Distracted        |       |       |     1 |       |       |       |       ||     1
Armor: Robe              |    35 |    48 |    42 |   180 |   153 |   169 |    79 ||   706
       Skin              |       |       |       |     6 |       |       |       ||     6
Dodge: Dodged            |    92 |    97 |   150 |   258 |   230 |   215 |   136 ||  1178
Block: Buckler           |       |       |       |       |    37 |    71 |    61 ||   169

Table legend: (Time is in decaauts)
 A = Elapsed time spent in this place.
 B = Non-inter-level travel time spent in this place.
 C = Inter-level travel time spent in this place.
 D = Time resting spent in this place.
 E = Time spent auto-exploring this place.
 F = Levels seen in this place.
 G = Mean time per level.
                   A        B        C        D        E       F      G
               +--------+--------+--------+--------+--------+-----+--------+
         Total |  52102 |  48194 |   3908 |   2315 |  38551 |  37 | 1408.2 |
       Dungeon |  22626 |  20362 |   2264 |    998 |  16194 |  15 | 1508.4 |
        Temple |    108 |     85 |     23 |      0 |     78 |   1 |  108.0 |
          Lair |   9770 |   8932 |    838 |    723 |   6836 |   6 | 1628.3 |
         Swamp |   4473 |   4184 |    289 |     60 |   3484 |   4 | 1118.2 |
   Spider Nest |   6777 |   6488 |    289 |    411 |   5246 |   4 | 1694.2 |
  Orcish Mines |   1164 |   1091 |     73 |      0 |    820 |   2 |  582.0 |
        Vaults |   7097 |   6967 |    130 |    123 |   5839 |   4 | 1774.2 |
       Ossuary |     84 |     84 |      0 |      0 |     52 |   1 |   84.0 |
               +--------+--------+--------+--------+--------+-----+--------+

Top non-repeatable levels by time:
    D:14: 2670 daAuts
Vaults:2: 2552 daAuts
Vaults:1: 2367 daAuts
Spider:1: 2226 daAuts
    D:15: 1928 daAuts
  Lair:3: 1895 daAuts
  Lair:5: 1792 daAuts
     D:1: 1763 daAuts
     D:4: 1758 daAuts
Spider:4: 1753 daAuts
    D:10: 1737 daAuts
     D:6: 1708 daAuts
    D:13: 1658 daAuts
Vaults:3: 1643 daAuts
     D:9: 1641 daAuts
